 Dungeon Sprint DCSS version 0.31-a0-344-gd109795599 (webtiles) character file.

Game seed: 10151738173663034624

268 garrulousMonolith the Unseen (level 6, 0/28 HPs)
             Began as a Spriggan Enchanter on July 21, 2023.
             Splashed by a jelly's acid (5 damage)
             ... in the Dungeon (Sprint I: "Red Sonja").
             The game lasted 00:00:41 (371 turns).

garrulousMonolith the Unseen (Spriggan Enchanter)    Turns: 371, Time: 00:00:42

Health: 0/28       AC: -6    Str:  4    XL:     6   Next: 0%
Magic:  4/11       EV: 17    Int: 19    God:
Gold:   176        SH:  0    Dex: 15    Spells: 2/10 levels left

rFire   . . .        a - +1 dagger
rCold   . . .        (no shield)
rNeg    . . .        b - +0 robe
rPois   .            (helmet restricted)
rElec   .            (no cloak)
rCorr   .            (gloves unavailable)
SInv    +            (boots unavailable)
Will    +....        (no amulet)
Stlth   +++++++      (no ring)
HPRegen 0.24/turn    (no ring)
MPRegen 0.12/turn

%: no teleportation
@: corroded, very slightly contaminated, invisible, very quick
A: very small, no large weapons, unfitting armour, see invisible, speed 3
a: no special abilities


You were in the Dungeon.
You visited 1 branch You collected 176 gold pieces.

Inventory:

Hand Weapons
 a - a +1 dagger (weapon)
Armour
 b - a +0 robe (worn)
Wands
 e - a wand of flame (22)
Scrolls
 i - a scroll of blinking
Potions
 c - a potion of invisibility
 f - a potion of haste
 g - 2 potions of magic


   Skills:
 - Level 1.1 Short Blades
 - Level 2.6 Dodging
 + Level 18.9 Stealth
 - Level 2.6 Spellcasting
 - Level 3.6 Hexes


You had 2 spell levels left.
You knew the following spells:

 Your Spells              Type           Power      Damage    Failure   Level
a - Ensorcelled Hibernat  Hex/Ice        18%        N/A       12%         2
b - Confusing Touch       Hex            16%        N/A       11%         3
c - Dazzling Flash        Conj/Hex       18%        N/A       22%         3

Your spell library contained the following spells:

 Spells                   Type           Power      Damage    Failure   Level
 Tukima's Dance           Hex            16%        N/A       11%         3


Dungeon Overview and Level Annotations

Branches:
Dungeon (1/1)

Altars:
Sif Muna
Vehumet
Wu Jian


Innate Abilities, Weirdness & Mutations

You are very small and have problems with some larger weapons.
You are too small for most types of armour.
You have supernaturally acute eyesight. (SInv)
You cover ground extremely quickly. (Speed+++)


Message History

Press: ? - help, Shift-Dir - straight line, f - jelly
Aim: a jelly (chance to affect: 51%)
The jelly resists with significant effort.
The jelly hits you. The acid corrodes you!
You are splashed with acid!
Casting: Ensorcelled Hibernation (safe; 12% risk of failure)
Confirm with . or Enter, or press ? or * to list all spells.
Aiming: Ensorcelled Hibernation (safe; 12% risk of failure)
Press: ? - help, Shift-Dir - straight line, f/p - jelly
Aim: a jelly (chance to affect: 51%)
You miscast Ensorcelled Hibernation.
You are very lightly contaminated with residual magic.
Nothing appears to happen.
The jelly misses you.
Casting: Ensorcelled Hibernation (safe; 12% risk of failure)
Confirm with . or Enter, or press ? or * to list all spells.
Aiming: Ensorcelled Hibernation (safe; 12% risk of failure)
Press: ? - help, Shift-Dir - straight line, f/p - jelly
Aim: a jelly (chance to affect: 51%)
The jelly resists with significant effort.
The jelly hits you.
You are splashed with acid!
Casting: Ensorcelled Hibernation (safe; 12% risk of failure)
Confirm with . or Enter, or press ? or * to list all spells.
Aiming: Ensorcelled Hibernation (safe; 12% risk of failure)
Press: ? - help, Shift-Dir - straight line, f/p - jelly
Aim: a jelly (chance to affect: 51%)
The jelly resists with significant effort.
The jelly hits you.
You are splashed with acid.
* * * LOW HITPOINT WARNING * * *
You feel better. The jelly misses you.
You hit the jelly but do no damage.
Your hands burn!
The jelly closely misses you.
You hit the jelly. The acid corrodes you!
Your hands burn!
The jelly is lightly wounded.
The jelly completely misses you.
You fade into invisibility!
The jelly barely misses you.
You hit the jelly but do no damage. The acid corrodes you!
Your hands burn!
* * * LOW HITPOINT WARNING * * *
The jelly is lightly wounded.
You hit the jelly.
Your hands burn!
You die...

################
#<.#.)'..#.)'..#
#..'..#.)'..#..+
#..#####'#####'#
#..# #..# #.#
#..# #### ##)#
#..# #@.+ #⌠⌠#
+..J_# ####
#_.#+# ##+


You could see a jelly.

Vanquished Creatures
  Sigmund (D)
  An ogre (D)
  Ijyb (D)
3 creatures vanquished.

Notes
Turn   | Place    | Note
-------+----------+-------------------------------------------
     0 | D        | garrulousMonolith the Spriggan Enchanter began the quest
                  | for the Orb.
     0 | D        | Reached XP level 1. HP: 9/9 MP: 5/5
     2 | D        | Noticed Ijyb
    10 | D        | Killed Ijyb
    11 | D        | Reached skill level 10 in Stealth
    11 | D        | Reached XP level 2. HP: 13/13 MP: 6/6
   169 | D        | Learned a level 2 spell: Ensorcelled Hibernation
   169 | D        | Noticed an ogre
   172 | D        | Killed an ogre
   173 | D        | Reached skill level 14 in Stealth
   173 | D        | Reached XP level 3. HP: 16/16 MP: 8/8
   173 | D        | Reached XP level 4. HP: 21/21 MP: 9/9
   177 | D        | Learned a level 3 spell: Confusing Touch
   181 | D        | Learned a level 3 spell: Dazzling Flash
   193 | D        | Noticed Sigmund
   197 | D        | Killed Sigmund
   198 | D        | Reached skill level 18 in Stealth
   198 | D        | Reached XP level 5. HP: 24/24 MP: 5/10
   198 | D        | Reached XP level 6. HP: 28/28 MP: 5/11
   356 | D        | Found a shimmering blue altar of Sif Muna.
   357 | D        | Found an ornate altar of the Wu Jian Council.
   358 | D        | Found a radiant altar of Vehumet.
   371 | D        | Splashed by a jelly's acid

Illustrated notes

Levels and vault maps discovered:
D:        dungeon_sprint_1 [red_sonja_temple_1, red_sonja_temple_small_1]

Skill      XL: |  1  2  3  4 |
---------------+-------------+-----
Stealth        | 10 14 18 | 18.9
Short Blades   | |  1.1
Dodging        | |  2.6
Spellcasting   | |  2.6
Hexes          | |  3.6

Action                     |  1- 3 |  4- 6 || total
---------------------------+-------+-------++-------
  Melee: Dagger            |     6 |     5 ||    11
   Cast: Ensorcelled Hiber |       |     5 ||     5
    Use: Potion            |     2 |     2 ||     4
   Stab: Sleeping          |     1 |     1 ||     2
  Dodge: Dodged            |     5 |     6 ||    11

Table legend: (Time is in decaauts)
 A = Elapsed time spent in this place.
 B = Non-inter-level travel time spent in this place.
 C = Inter-level travel time spent in this place.
 D = Time resting spent in this place.
 E = Time spent auto-exploring this place.
 F = Levels seen in this place.
 G = Mean time per level.
                   A        B        C        D        E       F      G
               +--------+--------+--------+--------+--------+-----+--------+
         Total |    373 |    373 |      0 |    314 |      0 |   1 |  373.0 |
       Dungeon |    373 |    373 |      0 |    314 |      0 |   1 |  373.0 |
               +--------+--------+--------+--------+--------+-----+--------+

Top non-repeatable levels by time:
       D: 373 daAuts
